 Dungeon Crawl Stone Soup version 0.19.1-1-g22dce08 (webtiles) character file.

216089 RedPan the Bludgeoner (level 18, -9/140 HPs)
             Began as a Demonspawn Berserker on Dec 29, 2016.
             Was a High Priest of Trog.
             Killed by the raging water
             ... invoked by a water nymph
              (23 damage)
             ... on level 4 of the Shoals.
             The game lasted 02:23:44 (32869 turns).

RedPan the Bludgeoner (Demonspawn Berserker)       Turns: 32869, Time: 02:23:45

Health: -9/140     AC: 22    Str: 21    XL:     18   Next: 35%
Magic:  18/18      EV: 26    Int:  8    God:    Trog [*****.]
Gold:   2216       SH: 16    Dex: 23    Spells: 0 memorised, 17 levels left

rFire  . . .     SeeInvis +     Y - +5 demon whip (pain)
rCold  + . .     Gourm    .     U - +3 scale mail "Jauntesa" {rPois rN++}
rNeg   + + .     Faith    .     Z - +2 shield {reflect}
rPois  +         Spirit   .     b - +2 helmet {SInv}
rElec  .         Reflect  +     w - +0 cloak
rCorr  .         Harm     .     f - +0 pair of gloves
MR     +++..                    y - +2 pair of boots
Stlth  +.........               g - amulet of regeneration
                                t - +3 ring of dexterity
                                l - +6 ring of slaying

@: mesmerised, regenerating
A: claws 2, repulsion field 2, agile 1, cold resistance 1, demonic guardian 2,
augmentation 1, freezing cloud immunity
a: Berserk, Trog's Hand, Brothers in Arms, Burn Spellbooks, Renounce Religion
}: 1/15 runes: gossamer


You were on level 4 of the Shoals.
You worshipped Trog.
Trog was extremely pleased with you.
You were hungry.

You visited 6 branches of the dungeon, and saw 32 of its levels.
You also visited: Bailey.

You collected 3805 gold pieces.
You spent 1589 gold pieces at shops.

Inventory:

Hand Weapons
 Y - a +5 demon whip of pain (weapon)
Armour
 b - a +2 helmet of see invisible (worn)
 e - a +0 large shield
 f - a +0 pair of gloves (worn)
 w - a +0 cloak (worn)
 y - a +2 pair of boots (worn)
 U - the +3 scale mail "Jauntesa" (worn) {rPois rN++}
   (You bought it in a shop on level 4 of the Dungeon)

   It protects you from poison.
   It greatly protects you from negative energy.
 X - a +5 scale mail of cold resistance
 Z - a +2 shield of reflection (worn)
Jewellery
 g - an amulet of regeneration (around neck)
 l - a +6 ring of slaying (left hand)
 t - a +3 ring of dexterity (right hand)
 z - a cursed amulet of inaccuracy
 I - an uncursed ring of protection from fire
Wands
 h - a wand of digging (12/24)
 n - a wand of teleportation (6/9)
 s - a wand of lightning (12/15)
 K - a wand of iceblast (11/15)
 N - a wand of digging (0/24)
Scrolls
 a - a scroll of fog
 d - 3 scrolls of recharging
 j - a scroll of enchant armour
 m - 4 scrolls of magic mapping
 q - 8 scrolls of remove curse
 r - a scroll of brand weapon
 u - a scroll of silence
 x - 5 scrolls of fear
 C - a scroll of blinking
 H - a scroll of teleportation
 T - 4 scrolls of identify
Potions
 i - 4 potions of curing
 k - 6 potions of might
 p - 2 potions of invisibility
 v - 3 potions of cure mutation
 E - 5 potions of cancellation
 J - 2 potions of ambrosia
 M - a potion of berserk rage
 S - a potion of resistance
Books
 A - a book of Necromancy

   Spells                             Type                      Level
   a - Pain                           Necromancy                   1
   b - Animate Skeleton               Necromancy                   1
   c - Vampiric Draining              Necromancy                   3
   d - Regeneration                   Charms/Necromancy            3
   e - Animate Dead                   Necromancy                   4
   f - Control Undead                 Necromancy                   4
   Trog disapproves of the use of such an item.
Comestibles
 c - 17 bread rations
 o - 2 fruits
 B - 2 meat rations
 D - a beef jerky
 F - 8 chunks of flesh


   Skills:
 - Level 12.1 Fighting
 - Level 16.0 Maces & Flails
 - Level 11.0 Armour
 + Level 15.5 Dodging
 + Level 13.8 Shields


You had 17 spell levels left.
You didn't know any spells.

Dungeon Overview and Level Annotations

Branches:
Dungeon (15/15)            Temple (1/1) D:5            Lair (6/6) D:9
 Shoals (4/4) Lair:4       Spider (4/4) Lair:3        Slime (0/5) Lair:5
    Orc (2/2) D:10            Elf (0/3) Orc:2        Vaults (0/5) D:14
 Depths (0/5) D:15

Altars:
Ashenzari
Cheibriados
Dithmenos
Elyvilon
Fedhas
Gozag
Hepliaklqana
Kikubaaqudgha
Makhleb
Nemelex Xobeh
Okawaru
Qazlal
Ru
Sif Muna
Trog
Uskayaw
Vehumet
Xom
Yredelemnul
Zin
The Shining One
Beogh
Jiyva
Lugonu

Shops:
D:2 *   D:4 }[}(   D:5 %   D:7 }}   Orc:2 !%(*   Shoals:1 *   Shoals:3 :*

Portals:
Trove: D:14 (show abyssal rune of Zot)


Innate Abilities, Weirdness & Mutations

You have very sharp fingernails.
You are surrounded by a moderate repulsion field. (EV +3)
Your flesh is cold resistant. (rC+)
A demonic guardian rushes to your aid.
Your magical and physical power is slightly enhanced at high health.
You are immune to freezing clouds.
You are agile. (Dex +2)


Message History

Things that are here:
a trident; 5 tomahawks You whack the water nymph!
The water nymph is almost dead.
The siren hits you but does no damage.
Your unstable footing causes you to fumble your attack.
The water nymph touches you. The water nymph drowns you!
The siren chants its luring song.
The water nymph touches you. The water nymph drowns you!
* * * LOW HITPOINT WARNING * * *
You block the siren's attack.
You hit the siren.
The siren is lightly wounded.
The water nymph casts a spell at you. The water swirls and strikes you!
* * * LOW HITPOINT WARNING * * *
You feel better. You block the siren's attack.
The water nymph gestures at you while chanting.
The water swirls and strikes you!
You die...

........≈≈≈≈≈≈≈≈≈≈≈≈≈≈≈≈≈
≈........≈≈≈≈≈≈≈≈≈≈≈≈≈≈≈≈
..............≈≈≈≈≈≈≈≈≈≈≈
...............≈≈≈≈≈≈≈≈≈≈
................≈≈≈≈≈≈≈≈≈
..........#≈#≈.##≈≈≈≈≈≈≈≈
..........#######≈≈≈≈≈≈≈≈
........###..##)m#≈...≈≈≈
.........##...≈.@≈#.....≈≈
#.........#..#.#m###....≈≈
#≈.......## ≈.=.≈# ......
≈≈.......##≈.#.#≈# ≈.....
#≈.......##...≈.≈≈ ≈≈....
#≈.......###.. ≈≈# .....
≈....P.....#######
≈.......(..###≈
...............


You could see a siren and a water nymph.

Vanquished Creatures
  Arachne (Spider:4)
  Jorgrun (Spider:4)
  Kirke (D:14)
  Donald (Spider:4)
  3 ghost moths (Spider:4)
  Louise (Shoals:1)
  2 emperor scorpions
  The ghost of Dolanko the Bludgeoner, a journeyman GrFi of Makhleb (Spider:2)
  3 entropy weavers
  A vampire knight (D:12)
  A spark wasp (Spider:3)
  3 merfolk impalers
  7 hydras
  A vault guard (D:15)
  5 merfolk avatars
  6 centaur warriors
  A catoblepas (D:13)
  An ogre mage (Orc:1)
  A death yak (Shoals:2)
  2 merfolk aquamancers
  An orc high priest (Orc:2)
  2 satyrs
  7 death scarabs (Spider:4)
  5 tengu warriors
  A vampire mage (D:12)
  The ghost of dricus the Grappler, a novice TrMo of Okawaru (D:6)
  The ghost of Nakatomy the Archer, a novice CeHu of Okawaru (D:7)
  Nergalle (Orc:1)
  A spectral emperor scorpion (Spider:4)
  4 unseen horrors
  5 sea snakes
  5 hill giants
  3 wizards (D:15)
  4 wolf spider zombies
  6 harpies
  A necromancer (D:15)
  8 orc sorcerers
  25 wolf spiders
  3 spectral wolf spiders (Spider:4)
  An orc knight (D:13)
  5 deep elf magi (D:15)
  4 cyclopes
  An oklob plant (Lair:5)
  20 fauns
  2 moths of wrath (Spider:4)
  A salamander (shapeshifter) (D:13)
  5 centaur zombies
  10 manticores
  10 orb spiders
  9 elephants
  7 sirens
  2 water nymphs
  3 gargoyles
  3 black mambas
  3 centaur skeletons
  2 torpor snails
  An efreet (D:15)
  5 komodo dragons
  26 spiny frogs
  6 demonic crawlers
  2 spectral redbacks (Spider:4)
  A redback zombie (Spider:4)
  5 tengu conjurers
  5 tyrant leeches (Lair:6)
  20 jumping spiders
  2 meliai (Spider:1)
  10 merfolk
  A wolf spider simulacrum (D:15)
  7 wind drakes
  2 queen bees
  6 trolls
  6 slime creatures
  A polar bear (Lair:5)
  A spectral tarantella (Spider:4)
  11 hornets
  3 spectral jumping spiders
  A tarantella zombie (Spider:4)
  3 two-headed ogres
  A jumping spider zombie (Spider:4)
  5 dream sheep
  3 snapping turtles
  7 hippogriffs
  30 flying skulls
  26 yaks
  8 water elementals
  25 tarantellas
  8 vampires
  51 redbacks
  A wraith (D:11)
  3 hogs (D:14)
  4 wyverns
  2 hungry ghosts
  A mottled dragon (D:12)
  3 vampire mosquitoes
  Menkaure (D:4)
  3 wargs (Orc:2)
  A soldier ant (D:12)
  A soldier ant (shapeshifter) (D:14)
  12 water moccasins
  2 spectral hornets (Spider:4)
  2 porcupines (Lair:4)
  27 orc warriors
  3 black bears
  5 ice beasts
  A sky beast (D:8)
  8 ogres
  An eye of draining (D:9)
  2 phantoms
  The ghost of maxonian the Skirmisher, an amateur FoAK of Lugonu (D:3)
  13 wolves
  8 centaurs
  15 crocodiles
  2 big kobolds
  Blork the orc (D:4)
  21 bullfrogs
  A wyvern skeleton (D:15)
  4 scorpions
  33 killer bees
  7 electric eels
  5 howler monkeys
  A bullfrog zombie (D:13)
  6 crimson imps
  7 human zombies (D:12)
  2 quasits
  3 bullfrog skeletons
  2 jellies
  Crazy Yiuf (D:4)
  11 orc priests
  7 hounds
  3 iguanas
  3 hell rats (Lair:5)
  43 orc wizards
  3 polar bear simulacra (D:11)
  6 worker ants
  A yak simulacrum (D:11)
  4 wolf simulacra (D:11)
  A hound zombie (D:9)
  A hound skeleton (D:4)
  4 worker ant zombies
  A howler monkey zombie (D:6)
  Robin (D:4)
  A gnoll (Bailey)
  12 adders
  3 river rats (D:9)
  2 shadow imps
  An ooze (D:2)
  An adder skeleton (D:6)
  11 worms
  A dart slug (D:4)
  4 leopard geckos
  86 orcs
  4 giant cockroaches
  10 hobgoblins
  17 jackals
  16 kobolds
  5 quokkas
  A ball python (D:1)
  16 bats
  5 frilled lizards
  A giant cockroach zombie (D:6)
  27 goblins
  6 rats
  3 river rat simulacra (D:11)
  2 plants
1044 creatures vanquished.

Vanquished Creatures (collateral kills)
  Polyphemus (Shoals:2)
  A frost giant (D:13)
  An emperor scorpion (Spider:4)
  Aizul (Shoals:3)
  A ghost moth (Spider:4)
  Nessos (D:13)
  A spark wasp (Spider:4)
  A merfolk impaler (Shoals:1)
  Harold (D:12)
  2 hydras
  A centaur warrior (D:12)
  The ghost of Dolanko the Basher, a journeyman GrFi of Makhleb (D:11)
  A death scarab (Spider:4)
  A merfolk aquamancer (Shoals:1)
  A tengu warrior (D:13)
  A satyr (Shoals:3)
  A death yak (Shoals:3)
  A sea snake (Shoals:4)
  A necromancer (D:11)
  4 orb spiders
  An orc knight (Orc:2)
  3 harpies (Shoals:4)
  6 fauns
  An orc sorcerer (Orc:2)
  2 cyclopes
  A wolf spider (Spider:4)
  A siren (Lair:4)
  An elephant (Lair:6)
  3 spiny frogs
  A spectral redback (Spider:4)
  A demonic crawler (Spider:4)
  A tengu conjurer (D:12)
  A troll (D:12)
  A wind drake (Shoals:4)
  5 jumping spiders
  A meliai (Spider:1)
  A spectral jumping spider (Spider:4)
  A two-headed ogre (D:12)
  4 dream sheep
  A jumping spider zombie (Spider:4)
  A snapping turtle (Shoals:4)
  2 flying skulls (D:12)
  3 water elementals
  2 tarantellas (Spider:4)
  A wraith (D:10)
  3 yaks
  2 basilisks
  A vampire mosquito (Lair:6)
  A water moccasin (Lair:6)
  A spectral hornet (Spider:4)
  2 orc warriors (Orc:2)
  3 ogres
  2 crocodiles (Lair:6)
  2 bullfrogs
  13 killer bees (Spider:1)
  2 hell rats (Lair:6)
  2 orcs
  A bat (D:9)
  A fungus (Lair:4)
106 creatures vanquished.

Vanquished Creatures (others)
  A human (D:14)
  A centaur (Shoals:1)
  An orc wizard (D:6)
  A worker ant (D:6)
  A bush (D:6)
  4 fungi (Lair:6)
  31 plants
  6 tentacles (Shoals:1)
46 creatures vanquished.

Grand Total: 1196 creatures vanquished

Notes
Turn   | Place    | Note
-------+----------+-------------------------------------------
     0 | D:1      | RedPan the Demonspawn Berserker began the quest for the Orb.
     0 | D:1      | Reached XP level 1. HP: 18/18 MP: 1/1
   307 | D:1      | Reached skill level 3 in Maces & Flails
   504 | D:1      | Gained mutation: You are surrounded by a mild repulsion field. (EV +2) [demonic ancestry]
   504 | D:1      | Reached XP level 2. HP: 23/24 MP: 2/2
   753 | D:2      | Found Zin's Purification Station.
   754 | D:2      | Found a glowing silver altar of Zin.
  1051 | D:2      | Reached XP level 3. HP: 23/29 MP: 3/3
  1189 | D:2      | Found a deep blue altar of Sif Muna.
  1216 | D:2      | Reached skill level 4 in Maces & Flails
  1324 | D:2      | Found a sparkling altar of Nemelex Xobeh.
  1407 | D:2      | Found a shattered altar of Ashenzari.
  1628 | D:3      | Reached ** piety under Trog
  1628 | D:3      | Reached XP level 4. HP: 35/35 MP: 4/4
  1744 | D:3      | Noticed maxonian's ghost (amateur FoAK)
  1767 | D:3      | Killed maxonian's ghost
  1767 | D:3      | Reached skill level 5 in Maces & Flails
  1767 | D:3      | Reached XP level 5. HP: 41/41 MP: 5/5
  1824 | D:3      | Found an ancient bone altar of Kikubaaqudgha.
  1995 | D:3      | Found a burning altar of Makhleb.
  2083 | D:4      | Found Inalu's Gadget Emporium.
  2177 | D:4      | Found a hide-covered altar of Uskayaw.
  2199 | D:4      | Noticed Blork the orc
  2212 | D:4      | Killed Blork the orc
  2212 | D:4      | Reached skill level 6 in Maces & Flails
  2212 | D:4      | Reached XP level 6. HP: 47/47 MP: 6/6
  2286 | D:4      | Found Jucie's Gadget Shop.
  2299 | D:4      | Found Eguarho's Armour Shop.
  2302 | D:4      | Bought a +0 helmet of see invisible for 115 gold pieces
  2387 | D:4      | Noticed Robin
  2405 | D:4      | Killed Robin
  2411 | D:4      | Noticed Menkaure
  2420 | D:4      | Killed Menkaure
  2467 | D:4      | Found Suis's Antique Weapon Shoppe.
  2623 | D:4      | Reached skill level 7 in Maces & Flails
  2771 | D:4      | Found a runed door.
  2866 | D:4      | Gained mutation: Your flesh is cold resistant. (rC+) [demonic ancestry]
  2866 | D:4      | Reached XP level 7. HP: 47/52 MP: 7/7
  2876 | D:4      | Found a hazy altar of Hepliaklqana.
  2968 | D:4      | Noticed Crazy Yiuf
  2973 | D:4      | Killed Crazy Yiuf
  3092 | D:5      | Entered Level 5 of the Dungeon
  3092 | D:5      | Found a bloodstained altar of Trog.
  3104 | D:5      | Found a staircase to the Ecumenical Temple.
  3123 | Temple   | Entered the Ecumenical Temple
  3297 | D:5      | Reached *** piety under Trog
  3386 | D:5      | Found Funiluipic's Food Shop.
  3397 | D:5      | Reached skill level 8 in Maces & Flails
  3884 | D:6      | Got a slimy spear
  3886 | D:6      | Identified the +11 spear "Beuxekkuote" {venom, +Blink} (You found it on level 6 of the Dungeon)
  4086 | D:6      | Found a shimmering altar of Xom.
  4094 | D:6      | Got a fine flail
  4097 | D:6      | Identified the +4 flail of Kyczitis {crush, *Noise *Drain rPois Str+6} (You found it on level 6 of the Dungeon)
  4177 | D:6      | Gained mutation: You are immune to freezing clouds. [demonic ancestry]
  4177 | D:6      | Reached XP level 8. HP: 60/60 MP: 8/8
  4205 | D:6      | Noticed dricus's ghost (novice TrMo)
  4219 | D:6      | Killed dricus's ghost
  4219 | D:6      | Reached skill level 5 in Dodging
  4241 | D:6      | Noticed a hill giant
  4413 | D:6      | Gained mutation: A weak demonic guardian rushes to your aid. [demonic ancestry]
  4413 | D:6      | Reached XP level 9. HP: 71/71 MP: 9/9
  4439 | D:6      | Reached **** piety under Trog
  4503 | D:6      | Killed a hill giant
  5090 | D:7      | Found Fiaff's Gadget Emporium.
  5111 | D:7      | Noticed Nakatomy's ghost (novice CeHu)
  5127 | D:7      | Killed Nakatomy's ghost
  5169 | D:7      | Found a snail-covered altar of Cheibriados.
  5222 | D:7      | Found Nigg's Gadget Boutique.
  5918 | D:8      | Gained mutation: You have sharp fingernails. [demonic ancestry]
  5918 | D:8      | Reached XP level 10. HP: 58/79 MP: 10/10
  6334 | D:9      | Reached skill level 10 in Dodging
  6455 | D:9      | Noticed a cyclops
  6462 | D:9      | Killed a cyclops
  6572 | D:9      | Reached ***** piety under Trog
  6733 | D:9      | Reached skill level 9 in Maces & Flails
  6976 | D:9      | Found a staircase to the Lair.
  7148 | D:10     | Entered Level 10 of the Dungeon
  7162 | D:10     | Noticed a hill giant
  7170 | D:10     | Killed a hill giant
  7174 | D:10     | Reached skill level 10 in Maces & Flails
  7496 | D:10     | Gained mutation: A demonic guardian rushes to your aid. [demonic ancestry]
  7496 | D:10     | Reached XP level 11. HP: 42/86 MP: 11/11
  7638 | D:10     | Found a flagged portal.
  7644 | Bailey   | Entered a bailey
  7794 | Bailey   | Received a gift from Trog
  7940 | Bailey   | Got a warped dire flail
  7948 | Bailey   | Got a jewelled spear
  8081 | D:10     | Found an iron altar of Okawaru.
  8199 | D:10     | Noticed a centaur warrior
  8203 | D:10     | Noticed an unseen horror
  8218 | D:10     | Killed a centaur warrior
  8232 | D:10     | Killed an unseen horror
  8232 | D:10     | Reached skill level 11 in Maces & Flails
  8565 | D:10     | Identified the +2 dire flail of Bread {crush, Str+4 Int+7} (You found it in a bailey)
  8664 | D:10     | Found a staircase to the Orcish Mines.
  8680 | D:10     | Reached skill level 1 in Shields
  8773 | D:11     | Noticed Dolanko's ghost (journeyman GrFi)
  8781 | D:11     | Killed Dolanko's ghost
  8818 | D:11     | Noticed a necromancer
  8828 | D:11     | Killed a necromancer
  9224 | D:11     | Noticed a tengu warrior
  9250 | D:11     | Killed a tengu warrior
  9253 | D:11     | Noticed a centaur warrior
  9262 | D:11     | Killed a centaur warrior
  9668 | D:11     | Reached skill level 5 in Armour
  9880 | D:12     | Reached skill level 5 in Shields
  9902 | D:12     | Noticed Harold
  9909 | D:12     | Killed Harold
 10070 | D:12     | Reached XP level 12. HP: 81/92 MP: 12/12
 10356 | D:12     | Received a gift from Trog
 10677 | D:12     | Noticed a centaur warrior
 10681 | D:12     | Killed a centaur warrior
 10928 | D:12     | Noticed a vampire mage
 11029 | D:12     | Noticed a vampire knight
 11039 | D:12     | Killed a vampire knight
 11133 | D:12     | Killed a vampire mage
 11229 | D:12     | Found an ancient bone altar of Kikubaaqudgha.
 11514 | Lair:1   | Entered Level 1 of the Lair of Beasts
 11788 | Lair:1   | Noticed a five-headed hydra
 11796 | Lair:1   | Killed a five-headed hydra
 11796 | Lair:1   | Gained mutation: You are surrounded by a moderate repulsion field. (EV +3) [demonic ancestry]
 11796 | Lair:1   | Reached XP level 13. HP: 90/98 MP: 13/13
 11905 | Lair:1   | You fall through a shaft!
 12015 | Lair:2   | Received a gift from Trog
 12784 | Lair:2   | Got a smoking chain mail
 12795 | Lair:2   | Identified the cursed +1 chain mail of the Pirate {Int+5} (You found it on level 2 of the Lair of Beasts)
 13698 | Lair:3   | Found a hole to the Spider Nest.
 14454 | Lair:4   | Reached skill level 12 in Maces & Flails
 14972 | Lair:4   | Found a staircase to the Shoals.
 15158 | Lair:5   | Reached skill level 10 in Fighting
 15404 | Lair:5   | Found a runed door.
 15413 | Lair:5   | Found a viscous altar of Jiyva.
 15419 | Lair:5   | Found a staircase to the Slime Pits.
 16101 | Lair:6   | Entered Level 6 of the Lair of Beasts
 16259 | Lair:5   | Reached skill level 13 in Maces & Flails
 16300 | Lair:5   | Received a gift from Trog
 16554 | Lair:6   | Gained mutation: Your magical and physical power is slightly enhanced at high health. [demonic ancestry]
 16554 | Lair:6   | Reached XP level 14. HP: 69/110 MP: 14/14
 16788 | Lair:6   | Reached skill level 14 in Maces & Flails
 17783 | Lair:6   | Identified a scroll of acquirement
 17784 | Lair:6   | Got a dazzling cloak
 17795 | Lair:6   | Identified the -1 cloak of Synchronized Stabbing {Int+4 Dex+4 Stlth+} (You acquired it on level 6 of the Lair of Beasts)
 17874 | Lair:6   | Reached skill level 10 in Shields
 17874 | Lair:6   | Gained mutation: You have very sharp fingernails. [demonic ancestry]
 17874 | Lair:6   | Reached XP level 15. HP: 117/117 MP: 15/15
 18222 | Orc:1    | Entered Level 1 of the Orcish Mines
 18368 | Orc:1    | Noticed Nergalle
 18380 | Orc:1    | Killed Nergalle
 18633 | Orc:1    | Received a gift from Trog
 18881 | Orc:2    | Entered Level 2 of the Orcish Mines
 18881 | Orc:2    | Found a burning altar of Makhleb.
 19314 | Orc:2    | Found a staircase to the Elven Halls.
 19392 | Orc:2    | Received a gift from Trog
 19425 | Orc:2    | Found a roughly hewn altar of Beogh.
 19442 | Orc:2    | Paralysed by an orc sorcerer for 2 turns
 19758 | Orc:2    | Found Yrasad's Distillery.
 19758 | Orc:2    | Found Akaody's Food Shop.
 19762 | Orc:2    | Bought a potion of might for 72 gold pieces
 19762 | Orc:2    | Bought a potion of curing for 54 gold pieces
 19762 | Orc:2    | Bought a potion of heal wounds for 90 gold pieces
 19923 | Orc:2    | Found Qadey's General Store.
 19957 | Orc:2    | Found Vaugisid's Antique Weapon Emporium.
 20356 | D:13     | Noticed Nessos
 20577 | D:13     | Killed Nessos
 20985 | D:13     | Received a gift from Trog
 21011 | D:13     | Noticed a frost giant
 21024 | D:13     | Killed a frost giant
 21031 | D:13     | Got an ancient plate armour
 21042 | D:13     | Identified the +1 plate armour of Failure {rC- Int+6} (You found it on level 13 of the Dungeon)
 21427 | D:14     | Found a portal to a secret trove of treasure.
 21643 | D:14     | Noticed Kirke
 21666 | D:14     | Killed Kirke
 21666 | D:14     | Reached XP level 16. HP: 115/127 MP: 16/16
 22148 | D:14     | Found a gate to the Vaults.
 22182 | D:15     | Entered Level 15 of the Dungeon
 22332 | D:15     | Received a gift from Trog
 22523 | D:15     | Got a faintly glowing ring mail
 22534 | D:15     | Identified the +0 ring mail of Feffiumn {+Blink rPois Int+4} (You found it on level 15 of the Dungeon)
 22683 | D:15     | Reached skill level 10 in Armour
 22742 | D:15     | Found a staircase to the Depths.
 22797 | D:15     | Found a blossoming altar of Fedhas.
 23357 | D:4      | Bought the +3 scale mail "Jauntesa" {rPois rN++} for 407 gold pieces
 23628 | Spider:1 | Entered Level 1 of the Spider Nest
 24019 | Spider:1 | Reached skill level 15 in Maces & Flails
 25405 | Spider:2 | Noticed Dolanko's ghost (journeyman GrFi)
 25421 | Spider:2 | Killed Dolanko's ghost
 25559 | Spider:2 | You fall through a shaft!
 25958 | Spider:2 | Received a gift from Trog
 27216 | Spider:4 | Entered Level 4 of the Spider Nest
 27283 | Spider:4 | Reached skill level 16 in Maces & Flails
 27283 | Spider:4 | Reached XP level 17. HP: 102/133 MP: 0/17
 27507 | Spider:4 | Noticed Donald
 27525 | Spider:4 | Killed Donald
 27670 | Spider:4 | Reached ****** piety under Trog
 28607 | Spider:4 | Received a gift from Trog
 28679 | Spider:4 | Noticed Arachne
 28711 | Spider:4 | Killed Arachne
 28749 | Spider:4 | Noticed Jorgrun
 29162 | Spider:4 | Killed Jorgrun
 29208 | Spider:4 | Got a gossamer rune of Zot
 29500 | Shoals:1 | Entered Level 1 of the Shoals
 29501 | Shoals:1 | Noticed Louise
 29516 | Shoals:1 | Killed Louise
 29917 | Shoals:1 | Found Afimaidghasa's General Store.
 29930 | Shoals:1 | Bought a potion of invisibility for 128 gold pieces
 29930 | Shoals:1 | Bought 2 potions of might for 128 gold pieces
 30393 | Shoals:1 | Noticed a kraken
 30427 | Shoals:1 | Received a gift from Trog
 30522 | Shoals:1 | Received a gift from Trog
 30744 | Shoals:2 | Noticed Polyphemus
 31075 | Shoals:2 | Killed Polyphemus
 31382 | Shoals:3 | Reached XP level 18. HP: 134/140 MP: 18/18
 31417 | Shoals:3 | Reached skill level 15 in Dodging
 31666 | Shoals:3 | Found Boyf's Bounteous Boutique.
 31674 | Shoals:3 | Bought a potion of beneficial mutation for 490 gold pieces
 31674 | Shoals:3 | Bought a scroll of blinking for 105 gold pieces
 31674 | Shoals:3 | Gained mutation: You are agile. (Dex +2) [potion of beneficial mutation]
 31711 | Shoals:3 | Noticed Aizul
 31724 | Shoals:3 | Killed Aizul
 31731 | Shoals:3 | Received a gift from Trog
 32284 | Shoals:3 | Found Ximmias's Book Shop.
 32381 | Shoals:4 | Entered Level 4 of the Shoals
 32869 | Shoals:4 | Killed from afar by a water nymph

Skill      XL: |  1  2  3  4  5  6  7  8  9 10 11 12 13 14 15 16 17 18 |
---------------+-------------------------------------------------------+-----
Maces & Flails | 3 4 5 6 7 8 10 11 13 14 16 | 16.0
Dodging        | 3 5 9 10 12 13 14 15 | 15.5
Fighting       | 4 6 7 8 10 12 | 12.1
Armour         | 6 9 11 | 11.0
Shields        | 5 9 10 13 | 13.8

Action                   |  1- 3 |  4- 6 |  7- 9 | 10-12 | 13-15 | 16-18 || total
-------------------------+-------+-------+-------+-------+-------+-------++-------
Melee: Mace              |    19 |    61 |    72 |       |       |       ||   152
       Dagger            |    87 |    33 |       |       |       |       ||   120
       Spear             |       |       |    13 |       |       |       ||    13
       Flail             |       |       |   105 |   765 |   539 |       ||  1409
       Demon whip        |       |       |       |       |   530 |  1798 ||  2328
Invok: Trog's Hand       |       |     3 |     2 |    11 |     4 |     9 ||    29
       Berserk           |       |     2 |     2 |     4 |     3 |     1 ||    12
       Brothers in Arms  |       |       |       |     2 |     2 |     8 ||    12
Evoke: Wand              |       |       |     1 |       |       |     3 ||     4
  Use: Scroll            |     3 |     5 |     5 |    10 |    21 |    19 ||    63
       Potion            |       |       |     4 |     4 |     3 |    20 ||    31
 Stab: Sleeping          |     1 |     1 |       |     1 |       |       ||     3
       Paralysed         |       |       |     2 |       |       |       ||     2
       Distracted        |       |       |     1 |     4 |     2 |     7 ||    14
       Held in net/web   |       |       |       |       |       |     1 ||     1
       Invisible         |       |       |       |       |       |     7 ||     7
  Eat: Chunk             |     2 |     5 |    10 |    16 |    19 |    18 ||    70
       Beef jerky        |       |     1 |     2 |     2 |       |     1 ||     6
       Meat ration       |       |       |       |     3 |       |     3 ||     6
       Pizza             |       |       |       |     1 |       |     1 ||     2
       Fruit             |       |       |       |       |    12 |       ||    12
       Royal jelly       |       |       |       |       |       |     3 ||     3
       Bread ration      |       |       |       |       |       |     1 ||     1
Armor: Animal skin       |    13 |     3 |       |       |       |       ||    16
       Robe              |       |    15 |    34 |    24 |       |       ||    73
       Leather armour    |       |       |       |    42 |       |       ||    42
       Scale mail        |       |       |       |    43 |   196 |   418 ||   657
Dodge: Dodged            |    69 |    64 |   141 |   604 |   543 |  1025 ||  2446
Block: Buckler           |       |       |       |   120 |       |       ||   120
       Shield            |       |       |       |     3 |   528 |  1007 ||  1538
       Reflection        |       |       |       |       |       |    50 ||    50
